 Dungeon Crawl Stone Soup version 0.28-a0-479-g5baa6b73be (webtiles) character file.

Game seed: 5725345217888996153

168 timneilson the Shield-Bearer (level 5, -2/33 HPs)
             Began as a Gargoyle Fighter on Sept 17, 2021.
             Slain by Blork the orc (7 damage)
             ... on level 4 of the Dungeon.
             The game lasted 00:03:12 (2524 turns).

timneilson the Shield-Bearer (Gargoyle Fighter)     Turns: 2524, Time: 00:03:12

Health: -2/33      AC: 12    Str: 20    XL:     5   Next: 49%
Magic:  5/5        EV:  9    Int:  9    God:
Gold:   185        SH:  5    Dex:  9    Spells: 4/4 levels left

rFire   . . .      SeeInvis .   a - +0 long sword
rCold   . . .      Faith    .   c - +1 buckler
rNeg    + . .      Spirit   .   b - +0 scale mail
rPois   ∞          Reflect  .   k - +1 hat
rElec   +          Harm     .   (no cloak)
rCorr   .          Rampage  .   (no gloves)
Will    .....                   (no boots)
Stlth   ..........              (no amulet)
HPRegen 0.11/turn               (no ring)
MPRegen 0.09/turn               (no ring)

@: no status effects
A: sickness immunity, AC +4, negative energy resistance 1, electricity
resistance, torment resistance 1, petrification resistance
a: no special abilities


You were on level 4 of the Dungeon.
You visited 1 branch of the dungeon, and saw 4 of its levels.

You collected 185 gold pieces.

Inventory:

Hand Weapons
 a - a +0 long sword (weapon)
Armour
 b - a +0 scale mail (worn)
 c - a +1 buckler (worn)
 k - a +1 hat (worn)
Scrolls
 e - a scroll of amnesia {unknown}
 n - a scroll of teleportation
Potions
 d - 5 potions of might
 f - 3 potions of mutation
 g - a potion of brilliance
 h - a potion of heal wounds
 i - 2 potions of curing
 j - a potion of attraction {unknown}
 l - 2 potions of ambrosia
 m - 2 potions of lignification {unknown}


   Skills:
 + Level 3.8 Fighting
 * Level 2.9 Long Blades
 * Level 4.1 Armour
 * Level 4.1 Shields
 + Level 1.3 Invocations
 + Level 1.3 Evocations


You had 4 spell levels left.
You didn't know any spells.
Your spell library was empty.

Dungeon Overview and Level Annotations

Branches:
Dungeon (4/15)
 Temple: D:4-7

Altars:
Uskayaw

Annotations:
D:4 Blork the orc


Innate Abilities, Weirdness & Mutations

You are immune to sickness and miasma.
Your stone body is resilient. (AC +4)
You are immune to poison.
You resist negative energy. (rN+)
You are resistant to electric shocks. (rElec)
You are resistant to unholy torment.
You are immune to petrification.


Message History

m - 2 silvery potions (gained 1)
You now have 160 gold pieces (gained 12).
HP restored.
Found a stone staircase leading up and a stone staircase leading down.
You now have 170 gold pieces (gained 10).
A dart slug comes into view.
Found a club.
You see here 15 gold pieces.
You now have 185 gold pieces (gained 15).
The dart slug launches a dart at you. The slug dart hits you.
You barely miss the dart slug.
The dart slug bites you but does no damage.
You slash the dart slug!
The dart slug is almost dead.
You hit the dart slug.
You kill the dart slug!
Found 15 arrows.
Blork the orc comes into view.
He is wielding a +0 battleaxe.
Found 15 gold pieces.
Blork the orc gestures wildly while chanting.
Blork the orc seems to speed up.
Blork the orc gestures at you while chanting.
The puff of flame hits you! You block Blork the orc's attack.
You see here 15 gold pieces.
You hit Blork the orc.
Blork the orc is lightly wounded.
You block Blork the orc's attack.
Blork the orc hits you with a +0 battleaxe.
You hit Blork the orc.
Blork the orc is lightly wounded.
Blork the orc hits you with a +0 battleaxe.
Blork the orc hits you with a +0 battleaxe!
* * * LOW HITPOINT WARNING * * *
You hit Blork the orc.
Blork the orc is moderately wounded.
Blork the orc closely misses you.
Blork the orc hits you with a +0 battleaxe!
You die...

#...#.##...
#.##..
#...#.##.##
#.###.
#.........####
#.#.##
#............
#.#...
#.#.####..####.#
#.##._
#.#............#
#..#..
#.######.###.##
##+ #. #.# #@#
#o# #.# #.# ..#
###


You could see Blork the orc (fast).

Vanquished Creatures
  A necrophage (D:3)
  An adder (D:3)
  A worm (D:2)
  4 dart slugs
  7 orcs
  9 ball pythons
  3 bats
  3 endoplasms
  3 giant cockroaches
  3 goblins
  4 hobgoblins
  3 quokkas
  6 frilled lizards
  6 kobolds
  3 rats (D:1)
57 creatures vanquished.

Notes
Turn   | Place    | Note
-------+----------+-------------------------------------------
     0 | D:1      | timneilson the Gargoyle Fighter began the quest for the
                  | Orb.
     0 | D:1      | Reached XP level 1. HP: 14/14 MP: 1/1
   238 | D:1      | Found a faded altar of an unknown god.
   331 | D:1      | Reached XP level 2. HP: 18/19 MP: 2/2
  1084 | D:2      | Reached XP level 3. HP: 20/23 MP: 3/3
  1986 | D:3      | Reached skill level 1 in Evocations
  1986 | D:3      | Reached XP level 4. HP: 21/29 MP: 4/4
  2200 | D:3      | Noticed a necrophage
  2215 | D:3      | Killed a necrophage
  2216 | D:3      | Reached skill level 1 in Invocations
  2216 | D:3      | Reached XP level 5. HP: 30/33 MP: 5/5
  2402 | D:4      | Noticed a +0 spear
  2402 | D:4      | Noticed a +0 falchion
  2402 | D:4      | Noticed a +0 dagger
  2402 | D:4      | Noticed a +0 short sword
  2402 | D:4      | Noticed a +0 spear
  2404 | D:4      | Noticed a +0 dagger
  2404 | D:4      | Noticed a +0 falchion
  2406 | D:4      | Noticed a +0 short sword
  2408 | D:4      | Found a hide-covered altar of Uskayaw.
  2518 | D:4      | Noticed Blork the orc
  2524 | D:4      | Slain by Blork the orc

Illustrated notes

Levels and vault maps discovered:
D:1:      kennysheep_arrival_forest, layout_loops_corners,
          shapermc_ecumenical_altar_mp_ritualfount
D:2:      layout_loops_ring
D:3:      layout_rooms, mrwooster_statue_mirror
D:4:      layout_loops_ring, nicolae_uskayaw_en_pointe, chequers_jeans,
          uniq_blork_the_orc

Skill      XL: |  1  2  3  4 |
---------------+-------------+-----
Long Blades    | 2 |  2.9
Evocations     | 1 |  1.3
Armour         | 4 |  4.1
Shields        | 4 |  4.1
Invocations    | 1 |  1.3
Fighting       | |  3.8

Action                   |  1- 3 |  4- 6 || total
-------------------------+-------+-------++-------
Melee: Long sword        |    95 |    57 ||   152
  Use: Scroll            |     5 |     5 ||    10
Armor: Scale mail        |    40 |    30 ||    70
Dodge: Dodged            |    51 |    18 ||    69
Block: Buckler           |    20 |    16 ||    36

Table legend: (Time is in decaauts)
 A = Elapsed time spent in this place.
 B = Non-inter-level travel time spent in this place.
 C = Inter-level travel time spent in this place.
 D = Time resting spent in this place.
 E = Time spent auto-exploring this place.
 F = Levels seen in this place.
 G = Mean time per level.
                   A        B        C        D        E       F      G
               +--------+--------+--------+--------+--------+-----+--------+
         Total |   2567 |   2559 |      8 |      0 |   2088 |   4 |  641.8 |
       Dungeon |   2567 |   2559 |      8 |      0 |   2088 |   4 |  641.8 |
               +--------+--------+--------+--------+--------+-----+--------+

Top non-repeatable levels by time:
     D:1: 1018 daAuts
     D:2: 803 daAuts
     D:3: 581 daAuts
     D:4: 164 daAuts
